 Dungeon Crawl Stone Soup version 0.29.1-1-gd02db6906a (webtiles) character file.

Game seed: 9469364888931660043

74888 croobank the Spry (level 15, -11/77 HPs)
             Began as a Felid Summoner on Oct 4, 2022.
             Was an Initiate of Gozag.
             Killed from afar by a salamander tyrant (30 damage)
             ... on level 4 of the Snake Pit on Oct 5, 2022.
             The game lasted 04:14:06 (33545 turns).

croobank the Spry (Felid Summoner)                 Turns: 33545, Time: 04:14:07

Health: -11/77     AC:  9    Str:  5    XL:     15   Next: 8%
Magic:  17/32      EV: 32    Int: 25    God:    Gozag
Gold:   1364       SH:  7    Dex: 17    Spells: 2/38 levels left
                                        Lives:  0   Deaths: 4

rFire   + . .      SeeInvis +   (weapon unavailable)
rCold   + + +      Faith    .   (shield unavailable)
rNeg    . . .      Spirit   .   (body armour unavailable)
rPois   +          Reflect  +   (helmet unavailable)
rElec   +          Harm     .   (cloak unavailable)
rCorr   +          Rampage  .   (gloves unavailable)
Will    ++...                   (boots unavailable)
Stlth   ++........              f - amulet of reflection
HPRegen 0.22/turn               M - ring of the Octopus King {Fly HP+2 AC+2 EV+2 SH+2}
MPRegen 0.23/turn               L - +4 ring of protection

@: resistant, weakened, forested, flying, quick
A: very small, claws 1, fangs 3, see invisible, speed 1, shaggy fur 3, stealthy
paws, no weapons or thrown items, no armour, multi-lived, clever 1, cold
resistance 1
a: Renounce Religion, Potion Petition, Call Merchant, Bribe Branch


You were on level 4 of the Snake Pit.
You worshipped Gozag.
Gozag was most pleased with you.
You visited 6 branches of the dungeon, and saw 24 of its levels.
You also visited: Volcano.

You collected 7426 gold pieces.
You spent 1866 gold pieces at shops.
You paid 4196 gold pieces to Gozag.

Inventory:

Jewellery
 b - a ring of ice
 d - a +6 ring of intelligence
 f - an amulet of reflection (around neck)
 h - a ring of poison resistance
 j - a +4 ring of protection
 k - a ring of the Octopus King {rCorr HP+2 AC+2 EV+2 SH+2}
   (You found it on level 3 of the Snake Pit)

   [ring of resist corrosion]

   AC:        It affects your AC (+2).
   EV:        It affects your evasion (+2).
   HP:        It affects your health (+2).
   rCorr:     It protects you from acid and corrosion.
   SH:        It affects your SH (+2).
 m - a ring of resist corrosion
 q - a ring of magical power
 r - an amulet of magic regeneration
 D - a +6 ring of intelligence
 I - a ring of positive energy
 L - a +4 ring of protection (right paw)
 M - a ring of the Octopus King (left paw) {Fly HP+2 AC+2 EV+2 SH+2}
   (You found it on level 5 of the Lair of Beasts)

   [ring of flight]

   AC:        It affects your AC (+2).
   EV:        It affects your evasion (+2).
   HP:        It affects your health (+2).
   Fly:       It grants you flight.
   SH:        It affects your SH (+2).
 N - a ring of positive energy
Wands
 l - a wand of polymorph (2)
 p - a wand of flame (15)
 G - a wand of mindburst (8)
Scrolls
 a - a scroll of teleportation
 g - 3 scrolls of vulnerability
 s - a scroll of amnesia
 u - 3 scrolls of poison
 w - 4 scrolls of magic mapping
 y - 4 scrolls of identify
 z - a scroll of enchant armour
 A - 3 scrolls of silence
 C - a scroll of fear {unknown}
 E - 5 scrolls of immolation
 J - 2 scrolls of fog
 O - a scroll of blinking
Potions
 c - 3 potions of flight
 e - 3 potions of cancellation
 i - 9 potions of curing
 n - 5 potions of attraction
 o - 2 potions of resistance
 t - 2 potions of brilliance
 v - a potion of berserk rage
 x - 2 potions of haste
 B - 2 potions of might
 H - 3 potions of invisibility
 K - 2 potions of lignification
Miscellaneous
 F - a phantom mirror


   Skills:
 + Level 13.8 Fighting
 + Level 17.7 Dodging
 - Level 2.8 Stealth
 - Level 12.0 Spellcasting
 - Level 10.0 Hexes
 - Level 12.0 Summonings
 - Level 11.7 Translocations
 + Level 8.1 Transmutations
 + Level 8.4 Air Magic


You had 2 spell levels left.
You knew the following spells:

 Your Spells              Type           Power      Damage    Failure   Level
a - Summon Small Mammal   Summ           100%       N/A       1%          1
b - Call Imp              Summ           66%        N/A       1%          2
c - Call Canine Familiar  Summ           66%        N/A       1%          3
d - Summon Guardian Gole  Hex/Summ       63%        N/A       1%          3
e - Summon Lightning Spi  Summ/Air       60%        N/A       1%          4
f - Blink                 Tloc           100%       N/A       1%          2
g - Summon Cactus Giant   Summ           33%        N/A       4%          6
h - Manifold Assault      Tloc           65%        N/A       1%          5
i - Summon Forest         Summ/Tloc      32%        N/A       1%          5
j - Yara's Violent Unrav  Hex/Tmut       28%        3d12      2%          5

Your spell library contained the following spells:

 Spells                   Type           Power      Damage    Failure   Level
 Apportation              Tloc           100%       N/A       1%          1
 Passwall                 Tmut/Erth      29%        N/A       1%          2
 Sandblast                Erth           30%        2d9       4%          1
 Scorch                   Fire           30%        2d7       6%          2
 Confusing Touch          Hex            60%        N/A       1%          3
 Gell's Gravitas          Tloc           65%        N/A       1%          3
 Lesser Beckoning         Tloc           65%        N/A       1%          3
 Teleport Other           Tloc           65%        N/A       1%          3
 Tukima's Dance           Hex            60%        N/A       1%          3
 Passage of Golubria      Tloc           65%        N/A       1%          4
 Leda's Liquefaction      Hex/Erth       20%        N/A       4%          4
 Petrify                  Tmut/Erth      35%        N/A       8%          4
 Stone Arrow              Conj/Erth      30%        3d8       12%         3
 Metabolic Englaciation   Hex/Ice        20%        N/A       14%         5
 Alistair's Intoxication  Tmut/Pois      23%        N/A       22%         5
 Summon Hydra             Summ           33%        N/A       24%         7
 Flame Wave               Conj/Fire      15%        2d7       36%         4
 Enfeeble                 Hex            30%        N/A       50%         7
 Eringya's Noxious Bog    Tmut/Pois      17%        N/A       75%         6
 Statue Form              Tmut/Erth      23%        N/A       75%         6
 Storm Form               Tmut/Air       27%        N/A       75%         7
 Portal Projectile        Hex/Tloc       Unusable   N/A       N/A         3

Dungeon Overview and Level Annotations

Branches:
Dungeon (10/15)            Temple (1/1) D:5            Lair (5/5) D:8
  Swamp (2/4) Lair:2        Snake (4/4) Lair:2        Slime (0/5) Lair:5
    Orc (2/2) D:9             Elf (0/3) Orc:2       Volcano (visited)

Altars:
Ashenzari
Cheibriados
Dithmenos
Elyvilon
Fedhas
Gozag
Hepliaklqana
Kikubaaqudgha
Makhleb
Nemelex Xobeh
Okawaru
Qazlal
Ru
Sif Muna
Trog
Uskayaw
Vehumet
Wu Jian
Xom
Yredelemnul
Zin
The Shining One

Shops:
D:9 !   Orc:1 !   Orc:2 *:(?:((**!   Snake:2 (:==([?

Annotations:
Snake:3 3 runed translucent doors, TuffENuff's ghost, adept FoFi


Innate Abilities, Weirdness & Mutations

You have sharp claws.
You have razor-sharp teeth.
You have supernaturally acute eyesight. (SInv)
You cover ground quickly. (Speed+)
Your thick and shaggy fur keeps you warm. (AC +3, rC+)
Your paws help you pounce on unaware monsters.
You are incapable of wielding weapons or throwing items.
You cannot wear armour.
You gain extra lives every three experience levels.
Your mind is acute. (Int +4, Str/Dex -1)
Your flesh is cold resistant. (rC+)


Message History

Attack!
Branches wave dangerously above you.
Your dryad closely misses the salamander tyrant.
Your lightning spire shoots out a bolt of lightning at the salamander tyrant!
The bolt of electricity hits the salamander tyrant!
The salamander tyrant rends the earth beneath you!
The blast of magma engulfs you!!!
Ouch! That really hurt!
Branches wave dangerously above you.
Your dryad hits the salamander tyrant.
The salamander tyrant gazes fiercely through you!
You feel your attacks grow feeble. The salamander tyrant hits your dryad!
Your dryad dies!
Your dryad's corpse disappears in a puff of smoke!
The forest abruptly stops moving.
The vine falls limply to the ground.
A naga ritualist comes into view. It is wielding a +0 war axe.
Casting: Summon Cactus Giant (dangerous; 4% risk of failure)
Confirm with . or Enter, or press ? or * to list all spells.
Okay, then.
Casting: Summon Cactus Giant (dangerous; 4% risk of failure)
Confirm with . or Enter, or press ? or * to list all spells.
You blink.
A naga sharpshooter comes into view. It is wielding a +0 flail.
The naga sharpshooter unwields a +0 flail.
The naga sharpshooter wields a +0 longbow.
The naga sharpshooter shoots an arrow.
The arrow completely misses you.
You feel protected.
The naga sharpshooter shoots an arrow.
The arrow hits you!
* * * LOW HITPOINT WARNING * * *
The naga ritualist spits poison at you.
The splash of poison hits you but does no damage.
You resist.
Your lightning spire shoots out a bolt of lightning at the salamander tyrant!
The bolt of electricity hits the salamander tyrant!
Your cactus giant hits the salamander tyrant with a +0 giant spiked club!!
The salamander tyrant rends the earth beneath you!
The blast of magma engulfs you!! You partially resist.
You die...
Your body crumbles into a pile of gold.

#... #...# #....' ###
#.....' #.## ......# #8.##
##....... ....## ♣♣.......N
..$..## #♣...♣. ..SS..##
###≈@♣.N♣ .......##'
#♣.♣...♣.#
.......$$...........♣
..$..$..$##.........#
..$.$..........$C..§#
...............$N...♣####
###..####....♣♣#........##'#
. #### #### ##..8........ .
♣§...[......


You could see a salamander tyrant (ally target), a friendly cactus giant
(summoned) and a friendly lightning spire (summoned).

Vanquished Creatures
  A nagaraja (Snake:4)
  An anaconda (Snake:1)
  A naga warrior (Snake:4)
  A shock serpent (Snake:3)
  2 naga sharpshooters
  A naga ritualist (Snake:4)
  A salamander (Snake:1)
  A mana viper (Snake:4)
  4 naga magi
  A rime drake (Lair:5)
  2 nagas (Snake:3)
  A centaur (D:8)
  A phantom (D:4)
  A scorpion (D:4)
  2 troll zombies (D:9)
  A killer bee (D:8)
  3 electric eels
  An iguana (D:5)
  2 adders
  5 orcs
  An endoplasm (D:2)
  2 giant cockroaches (D:1)
  2 goblins
  2 hobgoblins
  A quokka (D:1)
41 creatures vanquished.

Vanquished Creatures (collateral kills)
  Vashnia (Snake:2)
  Asterion (Snake:1)
  Kirke (Snake:1)
  Frances (Snake:2)
  2 nagarajas
  Donald (Snake:1)
  Louise (Snake:1)
  An eleionoma (Swamp:2)
  2 bunyips
  An ettin (Orc:2)
  Snorg (Orc:2)
  Josephine (Lair:3)
  A merfolk avatar (Lair:5)
  6 hydras
  3 alligators (Swamp:1)
  The ghost of Lanacter the Thaumaturge, a journeyman DECj of Sif Muna (Lair:3)
  10 anacondas
  A naga warrior (Snake:4)
  2 shock serpents
  3 death yaks (Lair:5)
  4 orc high priests (Orc:2)
  10 naga sharpshooters
  Amaemon (D:9)
  3 swamp dragons (Swamp:1)
  4 sea snakes
  3 goliath frogs
  7 naga ritualists
  2 bog bodies
  2 harpies (Lair:5)
  An oklob plant (Lair:4)
  8 mana vipers
  An orc sorcerer (Orc:2)
  4 salamanders
  A manticore (Lair:5)
  A will-o-the-wisp (Swamp:1)
  14 elephants
  A cyclops (Orc:1)
  A torpor snail (Lair:5)
  8 naga magi
  4 guardian serpents (Snake:4)
  37 black mambas
  9 cane toads
  2 kobold demonologists (D:9)
  A komodo dragon (Lair:3)
  7 rime drakes
  2 polar bears (Lair:5)
  3 tyrant leeches
  7 hornets
  A troll (Orc:1)
  11 blink frogs
  8 dream sheep (Lair:5)
  A snapping turtle (Lair:5)
  3 wraiths (Lair:3)
  3 wyverns
  A shadow (D:9)
  7 yaks
  A basilisk (Lair:1)
  2 spriggans (Swamp:2)
  4 hogs (Snake:1)
  2 steam dragons
  2 wargs (Orc:1)
  Edmund (D:4)
  4 swamp worms (Swamp:1)
  26 nagas
  A two-headed ogre zombie (D:9)
  7 water moccasins
  An ice beast (D:6)
  17 orc warriors
  4 black bears
  5 ogres
  22 wolves
  A centaur (D:7)
  2 phantoms
  9 bullfrogs
  A kobold brigand (D:10)
  2 necrophages
  A scorpion (D:4)
  A troll zombie (D:9)
  4 killer bees (D:8)
  An electric eel (Lair:3)
  A nameless horror (Snake:2)
  3 howler monkeys
  2 hounds
  2 jellies
  Crazy Yiuf (D:2)
  A gnoll bouda (Orc:1)
  26 orc priests
  2 iguanas (D:5)
  22 orc wizards
  6 hell rats (Lair:1)
  4 ogre zombies (D:9)
  Robin (D:4)
  9 gnolls
  3 adders
  2 white imps
  3 worms
  A dart slug (D:2)
  55 orcs
  3 endoplasms
  4 giant cockroaches
  15 goblins
  5 hobgoblins
  3 jackals (D:2)
  A quokka (D:2)
  11 ball pythons
  3 bats
  A frilled lizard (D:2)
  4 goblin zombies (D:9)
  A hobgoblin skeleton (D:9)
  2 hobgoblin zombies (D:9)
  12 kobolds
  15 orc zombies (D:9)
  6 rats
575 creatures vanquished.

Vanquished Creatures (others)
  Jorgrun (Snake:1)
  Gastronok (D:8)
  2 hydras
  Harold (D:9)
  A naga warrior (Snake:4)
  An anaconda (Snake:2)
  A death yak (Lair:5)
  2 naga sharpshooters (Snake:2)
  A naga mage (Snake:4)
  A black mamba (Snake:4)
  2 elephants (Lair:2)
  An orange demon (D:9)
  Psyche (D:9)
  A cane toad (Lair:2)
  A tyrant leech (Lair:2)
  A polar bear (Lair:5)
  A wraith (D:9)
  5 yaks (Lair:5)
  2 steam dragons
  A swamp worm (Swamp:1)
  2 nagas
  An ice beast (D:6)
  An orc warrior (D:6)
  A necrophage (D:5)
  3 wights (D:6)
  3 orc priests
  2 iguanas (D:6)
  3 orc wizards
  A hell rat (Lair:1)
  6 orcs
  A hobgoblin zombie (D:9)
  An orc zombie (D:9)
  A bush (Lair:5)
  2 foxfires (Swamp:1)
  18 fungi
  51 plants
  2 snaplasher vines (Snake:4)
127 creatures vanquished.

Grand Total: 743 creatures vanquished

Notes
Turn   | Place    | Note
-------+----------+-------------------------------------------
     0 | D:1      | croobank the Felid Summoner began the quest for the Orb.
     0 | D:1      | Reached XP level 1. HP: 7/7 MP: 4/4
   481 | D:1      | Reached skill level 3 in Dodging
   481 | D:1      | Reached XP level 2. HP: 12/12 MP: 3/6
   484 | D:1      | Learned a level 2 spell: Call Imp
   819 | D:1      | Reached skill level 1 in Fighting
   899 | D:1      | Reached XP level 3. HP: 15/15 MP: 4/7
  1599 | D:2      | Found a shimmering altar of Xom.
  1991 | D:2      | Reached XP level 4. HP: 19/19 MP: 5/9
  2096 | D:2      | Learned a level 3 spell: Call Canine Familiar
  2377 | D:2      | Reached skill level 4 in Dodging
  2504 | D:2      | Found a runed translucent door.
  2505 | D:2      | Noticed Crazy Yiuf
  2611 | D:3      | Learned a level 2 spell: Blink
  2798 | D:3      | Found a faded altar of an unknown god.
  3297 | D:3      | Reached XP level 5. HP: 22/22 MP: 4/10
  3307 | D:3      | Found an iron altar of Okawaru.
  3558 | D:4      | Noticed Edmund
  3583 | D:4      | Reached skill level 1 in Translocations
  3644 | D:4      | Killed Edmund
  3645 | D:4      | Reached skill level 5 in Summonings
  3645 | D:4      | Gained mutation: You are covered in thick fur. (AC +2)
                  | [Felid growth]
  3645 | D:4      | Reached XP level 6. HP: 11/27 MP: 2/12
  3854 | D:4      | Learned a level 3 spell: Summon Guardian Golem
  3884 | D:4      | Reached skill level 5 in Dodging
  4064 | D:4      | Noticed Robin
  4413 | D:4      | Killed Robin
  4576 | D:4      | Reached XP level 7. HP: 31/31 MP: 8/13
  5149 | D:5      | Entered Level 5 of the Dungeon
  5545 | D:5      | Found a staircase to the Ecumenical Temple.
  5555 | Temple   | Entered the Ecumenical Temple
  5649 | Temple   | Became a worshipper of Gozag Ym Sagoz the Greedy
  6035 | D:5      | Reached skill level 6 in Dodging
  6663 | D:5      | Reached XP level 8. HP: 36/36 MP: 8/15
  7175 | D:6      | Reached skill level 7 in Dodging
  7253 | D:6      | Reached skill level 5 in Spellcasting
  7271 | D:6      | Reached skill level 5 in Fighting
  7754 | D:6      | Reached XP level 9. HP: 40/40 MP: 10/18
  8309 | D:7      | Reached skill level 8 in Dodging
  8309 | D:7      | Reached skill level 5 in Translocations
  9408 | D:8      | Found a white marble altar of Elyvilon.
  9408 | D:8      | Found a bloodstained altar of Trog.
  9408 | D:8      | Found a hazy altar of Hepliaklqana.
  9408 | D:8      | Found a radiant altar of Vehumet.
  9408 | D:8      | Found a burning altar of Makhleb.
  9506 | D:9      | Noticed an orange demon
  9534 | D:9      | Killed an orange demon
  9689 | D:9      | Noticed Harold
  9706 | D:8      | Reached skill level 9 in Dodging
  9936 | D:8      | You fall into a shaft and drop 1 floor!
  9965 | D:9      | Noticed a kobold demonologist
  9988 | D:9      | Killed a kobold demonologist
 10140 | D:9      | Killed Harold
 10141 | D:9      | Reached XP level 10. HP: 21/47 MP: 21/21
 10166 | D:9      | Noticed Amaemon
 10213 | D:10     | Entered Level 10 of the Dungeon
 10499 | D:9      | Noticed a smoke demon
 10506 | D:9      | Reached skill level 10 in Dodging
 10706 | D:9      | Bought a potion of heal wounds for 60 gold pieces
 10706 | D:9      | Bought a potion of brilliance for 48 gold pieces
 10732 | D:9      | Learned a level 4 spell: Summon Lightning Spire
 10845 | D:9      | Reached skill level 1 in Hexes
 11161 | D:8      | Noticed Gastronok
 11176 | D:8      | Killed from afar by Gastronok
 11177 | D:8      | Reached XP level 9. HP: -9/43 MP: 22/29
 11207 | D:8      | Killed Gastronok
 11208 | D:8      | Reached skill level 1 in Air Magic
 11477 | D:8      | Identified the +0 robe of the Constellations {rPois rF+
                  | Dex+5 Stlth-}
 11541 | D:8      | Found a staircase to the Lair.
 11641 | D:8      | Reached XP level 10. HP: 22/48 MP: 22/22
 12275 | D:9      | Engulfed by their own flame
 12276 | D:9      | Reached XP level 9. HP: -5/44 MP: 21/21
 12337 | D:9      | Killed Amaemon
 12363 | D:9      | Found a staircase to the Orcish Mines.
 12472 | D:9      | Noticed Psyche
 12500 | D:9      | Killed Psyche
 12934 | Lair:1   | Entered Level 1 of the Lair of Beasts
 12934 | Lair:1   | Noticed a five-headed hydra
 12934 | Lair:1   | Noticed an elephant
 12960 | Lair:1   | Killed a five-headed hydra
 12977 | Lair:1   | Killed an elephant
 12978 | Lair:1   | Reached skill level 11 in Dodging
 12978 | Lair:1   | Reached XP level 10. HP: 33/48 MP: 17/22
 12994 | Lair:1   | Noticed an elephant
 13006 | Lair:1   | Killed an elephant
 13113 | Lair:1   | Noticed an elephant
 13113 | Lair:1   | Noticed an elephant
 13122 | Lair:1   | Noticed a cane toad
 13150 | Lair:1   | Killed a cane toad
 13151 | Lair:1   | Killed an elephant
 13152 | Lair:1   | Reached skill level 5 in Hexes
 13154 | Lair:1   | Killed an elephant
 13223 | Lair:1   | Noticed a cane toad
 13230 | Lair:1   | Noticed a cane toad
 13232 | Lair:1   | Killed a cane toad
 13233 | Lair:1   | Killed a cane toad
 14677 | Lair:2   | Learned a level 6 spell: Summon Cactus Giant
 14699 | Lair:2   | Found a dark tunnel.
 14704 | Volcano  | Entered a volcano
 14711 | Volcano  | Noticed a wizard
 14726 | Volcano  | Noticed a toenail golem
 14726 | Volcano  | Noticed a wizard
 14764 | Lair:2   | Found a staircase to the Swamp.
 14864 | Lair:2   | Noticed an elephant
 14878 | Lair:2   | Reached XP level 11. HP: 39/52 MP: 24/24
 15005 | Lair:2   | Reached skill level 10 in Summonings
 15437 | Lair:2   | Reached skill level 12 in Dodging
 15507 | Lair:2   | Found a staircase to the Snake Pit.
 15816 | Lair:3   | Found a runed translucent door.
 15822 | Lair:3   | Noticed Lanacter's ghost (journeyman DECj)
 16026 | Lair:3   | Noticed a seven-headed hydra
 16040 | Lair:3   | Killed a seven-headed hydra
 16257 | Lair:3   | Noticed Josephine
 16424 | Lair:3   | Reached skill level 5 in Air Magic
 16452 | Lair:3   | Killed Josephine
 17536 | Lair:4   | Gained mutation: Your thick and shaggy fur keeps you warm.
                  | (AC +3, rC+) [Felid growth]
 17536 | Lair:4   | Reached XP level 12. HP: 48/57 MP: 26/26
 18210 | Lair:4   | Learned a level 5 spell: Manifold Assault
 18261 | Lair:4   | Reached skill level 13 in Dodging
 19088 | Lair:5   | Entered Level 5 of the Lair of Beasts
 19107 | Lair:5   | Noticed a five-headed hydra
 19118 | Lair:5   | Killed a five-headed hydra
 19135 | Lair:5   | Reached skill level 10 in Fighting
 19256 | Lair:5   | Found a staircase to the Slime Pits.
 19375 | Lair:5   | HP: 2/58 [torpor snail (56)]
 19673 | Lair:5   | Noticed a death yak
 19674 | Lair:5   | Noticed a death yak
 19674 | Lair:5   | Noticed a death yak
 19675 | Lair:5   | Noticed a death yak
 19685 | Lair:5   | Killed a death yak
 19688 | Lair:5   | Killed a death yak
 19693 | Lair:5   | Killed a death yak
 19700 | Lair:5   | Killed a death yak
 20065 | Lair:5   | Reached XP level 13. HP: 61/61 MP: 16/27
 20548 | Lair:5   | Reached skill level 10 in Spellcasting
 20914 | Lair:5   | Reached skill level 14 in Dodging
 20914 | Lair:5   | Reached skill level 10 in Translocations
 20955 | Lair:5   | Found the ring of the Octopus King
 20973 | Lair:5   | Identified a ring of the Octopus King {Fly HP+2 AC+2 EV+2
                  | SH+2}
 21313 | Orc:1    | Entered Level 1 of the Orcish Mines
 21897 | Orc:1    | Found Barph's Distillery.
 21913 | Orc:1    | Bought a potion of heal wounds for 75 gold pieces
 21913 | Orc:1    | Bought a potion of invisibility for 120 gold pieces
 22062 | Orc:2    | Entered Level 2 of the Orcish Mines
 22062 | Orc:2    | Found Nokhlo Akergh's Assorted Antiques.
 22107 | Orc:2    | Noticed an ettin
 22110 | Orc:2    | Found Maob's Antique Weapon Shop.
 22116 | Orc:2    | Killed an ettin
 22135 | Orc:2    | Found Tarukloe's Book Shoppe.
 22160 | Orc:2    | Learned a level 5 spell: Summon Forest
 22292 | Orc:2    | Bought a potion of heal wounds for 145 gold pieces
 22321 | Orc:2    | Noticed Snorg
 22339 | Orc:2    | Killed Snorg
 22403 | Orc:2    | Gained mutation: Your magical capacity is low. (-10% MP) [a
                  | neqoxec]
 22406 | Orc:2    | Gained mutation: You are weak. (Str -2) [a neqoxec]
 22413 | Orc:2    | Found Egratae's Book Emporium.
 22413 | Orc:2    | Found Onuqo's Weapon Shoppe.
 22414 | Orc:2    | Found Mutonyez's Magic Scroll Shoppe.
 22420 | Orc:2    | Found Soudu's Antique Weapon Emporium.
 22782 | Orc:2    | Bought a book of Misfortune for 504 gold pieces
 22798 | Orc:2    | Bought a scroll of blinking for 127 gold pieces
 22816 | Orc:2    | Found a staircase to the Elven Halls.
 22918 | Orc:2    | Found Ukydey's General Store.
 22923 | Orc:2    | Found Viakhile's Specific Store.
 22932 | Orc:2    | Bought a scroll of summoning for 142 gold pieces
 22932 | Orc:2    | Bought 2 potions of heal wounds for 150 gold pieces
 22938 | Orc:2    | Found Esoyll's Distillery.
 22945 | Orc:2    | Lost mutation: Your magical capacity is low. (-10% MP)
                  | [potion of mutation]
 22945 | Orc:2    | Lost mutation: You are weak. (Str -2) [potion of mutation]
 22945 | Orc:2    | Gained mutation: Your muscles are strong. (Str +4, Int/Dex
                  | -1) [potion of mutation]
 22945 | Orc:2    | Gained mutation: You have hidden genetic defects. [potion
                  | of mutation]
 22945 | Orc:2    | Gained mutation: You occasionally lose the ability to read
                  | scrolls when taking damage. [potion of mutation]
 22946 | Orc:2    | Lost mutation: Your muscles are strong. (Str +4, Int/Dex
                  | -1) [potion of mutation]
 22946 | Orc:2    | Lost mutation: You have hidden genetic defects. [potion of
                  | mutation]
 22946 | Orc:2    | Gained mutation: You expend magic power (3 MP) to
                  | strengthen your wands. [potion of mutation]
 22946 | Orc:2    | Gained mutation: You are robust. (+10% HP) [potion of
                  | mutation]
 22946 | Orc:2    | Lost mutation: You expend magic power (3 MP) to strengthen
                  | your wands. [potion of mutation]
 22946 | Orc:2    | Gained mutation: You have hidden genetic potential. [potion
                  | of mutation]
 22947 | Orc:2    | Lost mutation: You are robust. (+10% HP) [potion of
                  | mutation]
 22947 | Orc:2    | Lost mutation: You have hidden genetic potential. [potion
                  | of mutation]
 22947 | Orc:2    | Lost mutation: You occasionally lose the ability to read
                  | scrolls when taking damage. [potion of mutation]
 22947 | Orc:2    | Gained mutation: Your mind is acute. (Int +4, Str/Dex -1)
                  | [potion of mutation]
 22947 | Orc:2    | Gained mutation: You have hidden genetic defects. [potion
                  | of mutation]
 22947 | Orc:2    | Lost mutation: You have hidden genetic defects. [potion of
                  | mutation]
 22947 | Orc:2    | Gained mutation: Your flesh is cold resistant. (rC+)
                  | [potion of mutation]
 23254 | D:2      | Killed Crazy Yiuf
 23497 | Lair:3   | Killed Lanacter's ghost
 23554 | Snake:1  | Entered Level 1 of the Snake Pit
 23554 | Snake:1  | Noticed Kirke
 23555 | Snake:1  | Noticed Donald
 23569 | Snake:1  | Noticed Louise
 23571 | Snake:1  | Reached XP level 14. HP: 23/67 MP: 19/29
 23871 | Snake:1  | Reached skill level 15 in Dodging
 24013 | Snake:1  | Killed from afar by a naga mage
 24014 | Snake:1  | Reached XP level 13. HP: -1/63 MP: 20/28
 24014 | Snake:1  | Found a hide-covered altar of Uskayaw.
 24281 | Snake:1  | Noticed Jorgrun
 24282 | Snake:1  | Killed Louise
 24296 | Snake:1  | Killed Jorgrun
 24405 | Snake:1  | Identified the +2 kite shield of the Guardian {Dex+3}
 24405 | Snake:1  | Noticed Asterion
 24504 | Swamp:1  | Entered Level 1 of the Swamp
 24547 | Swamp:1  | Reached skill level 1 in Transmutations
 25075 | Swamp:1  | Noticed a bunyip
 25092 | Swamp:1  | Killed a bunyip
 25176 | Swamp:1  | Identified the +7 broad axe of Cypyrphess {pain, +Blink}
 25313 | Swamp:1  | You fall into a shaft and drop 1 floor!
 25315 | Swamp:2  | Noticed a bunyip
 25326 | Swamp:2  | Killed a bunyip
 25565 | Swamp:2  | Reached XP level 14. HP: 69/69 MP: 26/30
 25575 | Swamp:2  | Learned a level 5 spell: Yara's Violent Unravelling
 25600 | Swamp:2  | Reached skill level 16 in Dodging
 25743 | Snake:1  | Killed Kirke
 25768 | Snake:1  | Noticed an Executioner
 25775 | Snake:1  | Killed Asterion
 26010 | Snake:1  | Killed Donald
 26861 | Snake:2  | Reached skill level 5 in Transmutations
 26952 | Snake:2  | Noticed Vashnia
 26954 | Snake:2  | HP: 3/69 [naga sharpshooter/arrow[Vashnia] (34)]
 26956 | Snake:2  | Shot with an arrow by Vashnia
 26957 | Snake:2  | Reached XP level 13. HP: -3/65 MP: 28/29
 27254 | Snake:2  | Killed Vashnia
 27288 | Snake:2  | Found Qopiti's Armour Shoppe.
 27480 | Snake:2  | Found Qop Urgh's Magic Scroll Emporium.
 27493 | Snake:2  | Found Utoir's Weapon Shop.
 27739 | Snake:2  | Bought a scroll of immolation for 52 gold pieces
 27739 | Snake:2  | Bought a scroll of teleportation for 39 gold pieces
 27739 | Snake:2  | Bought a scroll of vulnerability for 52 gold pieces
 27739 | Snake:2  | Bought a scroll of vulnerability for 52 gold pieces
 27762 | Snake:2  | Noticed a nagaraja
 27776 | Snake:2  | Killed a nagaraja
 28164 | Snake:2  | Noticed Frances
 28208 | Snake:2  | Killed Frances
 28331 | Snake:2  | Found Qedd's Antique Weapon Boutique.
 28467 | Snake:2  | HP: 2/68 [naga sharpshooter/arrow[Vashnia] (17)]
 28475 | Snake:2  | Reached XP level 14. HP: 25/70 MP: 24/31
 29003 | Snake:2  | Found Tivue's Book Boutique.
 29003 | Snake:2  | Found Jalo's Jewellery Shoppe.
 29004 | Snake:2  | Found Utumidar's Jewellery Shoppe.
 29221 | Snake:2  | Bought an amulet of reflection for 300 gold pieces
 29784 | Snake:3  | Found the ring of the Octopus King
 29791 | Snake:3  | Identified a ring of the Octopus King {rCorr HP+2 AC+2 EV+2
                  | SH+2}
 29861 | Snake:3  | Reached skill level 17 in Dodging
 29862 | Snake:3  | Noticed a nagaraja
 29877 | Snake:3  | Killed a nagaraja
 30576 | Snake:3  | Noticed TuffENuff's ghost (adept FoFi)
 30613 | Snake:3  | Found a runed translucent gate.
 30613 | Snake:3  | Found a runed translucent gate.
 30614 | Snake:3  | Found a runed translucent gate.
 31045 | Snake:4  | Entered Level 4 of the Snake Pit
 32872 | Snake:4  | Reached XP level 15. HP: 72/75 MP: 9/32
 33114 | Snake:4  | Noticed a nagaraja
 33129 | Snake:4  | Killed a nagaraja
 33130 | Snake:4  | Reached skill level 10 in Hexes
 33545 | Snake:4  | Killed from afar by a salamander tyrant

Illustrated notes

Levels and vault maps discovered:
D:1:      scummos_arrival_simple_fountains, layout_basic, minmay_vboxes
D:2:      layout_rooms, basic_altar, minmay_misc_feat_five, minmay_unequal,
          uniq_crazy_yiuf_cottage
D:3:      layout_loops_ring, okawaru_altar_gauntlet_db,
          ebering_ecumenical_altar_box
D:4:      layout_cave_pods, serial_bayou_pond_e, uniq_edmund, uniq_robin
D:5:      layout_basic, minmay_temple_entry_mist, kennysheep_generic_room_10
D:6:      layout_rooms, skrybe_limestone_x
D:7:      layout_loops_ring
D:8:      layout_basic, nicolae_overflow_hidden_temple, dpeg_oklobed_lair,
          enter_bailey_5, uniq_gastronok
D:9:      layout_loops_ring, zombieorc2_lemuel, uniq_psyche, uniq_amaemon,
          uniq_harold
D:10:     layout_rooms, ebering_ghost_reflecting_pool, nicolae_wooded_promenade
Temple:   minmay_temple_bridge_d
Lair:1:   layout_cave_pods, gauntlet_entry_generic
Lair:2:   layout_regular_city, minmay_swamp_entry_worms,
          nicolae_volcano_entry_s_turn
Lair:3:   layout_misc_corridors, portal_ice_cave_rime,
          ebering_ghost_reflecting_pool, serial_bayou_shore_a,
          infiniplex_staircase_pool, uniq_josephine
Lair:4:   layout_hall_layers, nicolae_quartered_pool_super,
          minmay_lair_drake_nest
Lair:5:   gammafunk_lair_ancient_temple, layout_cellular_growth, slime_entry_1
Swamp:1:  layout_basic_swamp, evilmike_swamp_ruin_house_3
Swamp:2:  layout_basic_swamp, evilmike_swamp_ruin_rubble_1, swamp_pool2
Snake:1:  layout_layer_cave, basic_altar, drop_trap, st_stairs_9,
          serial_bayou_ford_a, uniq_kirke, uniq_asterion, uniq_donald,
          uniq_jorgrun, uniq_louise
Snake:2:  layout_gridlike, serial_shops, shop_fountains, shop,
          nicolae_shop_advertising_works [nicolae_subvault_shop_adworks],
          nicolae_shop_hallway_stairs, drop_trap, lemuel_fruit_tree,
          grunt_megastairs_2, minmay_shop_grove, uniq_frances, uniq_vashnia
Snake:3:  layout_grid_maze, gammafunk_ghost_split, serial_bayou_shore_b
Snake:4:  johnstein_snake_rune_scales, layout_cave_town, st_stairs_12,
          nicolae_triple_integral, uniq_nikola, uniq_aizul
Orc:1:    layout_caves, serial_shops, nicolae_diamond_shop, basic_altar
Orc:2:    st_orc_mages, layout_caves, serial_shops, nicolae_shop_trees,
          nicolae_shop_overgrown_old_shop, shop_statue, nicolae_square_shop,
          nicolae_specific_store, uniq_snorg

Skill      XL: |  1  2  3  4  5  6  7  8  9 10 11 12 13 14 15 |
---------------+----------------------------------------------+-----
Dodging        | 3 4 5 6 7 11 10 12 13 14 17 | 17.7
Fighting       | 1 2 3 4 5 8 9 10 13 | 13.8
Spellcasting   | 3 4 5 6 8 9 12 | 12.0
Translocations | 1 2 3 4 5 7 11 | 11.7
Summonings     | 5 6 8 9 11 12 | 12.0
Hexes          | 4 5 7 9 10 | 10.0
Air Magic      | 1 3 5 6 7 8 |  8.4
Transmutations | 6 7 8 |  8.1
Stealth        | |  2.8

Action                   |  1- 3 |  4- 6 |  7- 9 | 10-12 | 13-15 || total
-------------------------+-------+-------+-------+-------+-------++-------
Melee: Unarmed           |    15 |    39 |   104 |    34 |   129 ||   321
       Punch             |     1 |     1 |     4 |       |       ||     6
       Bite              |       |     7 |    13 |     6 |    14 ||    40
 Cast: Summon Small Mamm |    54 |    58 |    90 |    35 |    31 ||   268
       Call Imp          |    12 |    16 |    18 |    12 |    12 ||    70
       Call Canine Famil |       |    19 |    50 |    45 |    25 ||   139
       Summon Guardian G |       |     2 |    44 |    30 |    40 ||   116
       Summon Lightning  |       |       |     6 |    69 |   154 ||   229
       Blink             |       |       |       |     1 |     8 ||     9
       Summon Cactus Gia |       |       |       |    11 |   106 ||   117
       Manifold Assault  |       |       |       |     1 |    35 ||    36
       Summon Forest     |       |       |       |       |    19 ||    19
       Yara's Violent Un |       |       |       |       |    35 ||    35
Invok: Potion Petition   |       |       |       |     2 |     7 ||     9
       Call Merchant     |       |       |       |     1 |       ||     1
Evoke: Wand              |       |       |       |    11 |    17 ||    28
       Phantom mirror    |       |       |       |       |     1 ||     1
  Use: Scroll            |       |    11 |     9 |    11 |    12 ||    43
       Potion            |       |     4 |     4 |     3 |    26 ||    37
 Stab: Sleeping          |     1 |       |     2 |       |       ||     3
       Distracted        |     1 |       |     1 |     1 |     1 ||     4
       Invisible         |       |     3 |       |       |     4 ||     7
Armor: Skin              |       |     1 |     8 |     2 |     9 ||    20
Dodge: Dodged            |    17 |    25 |   205 |   149 |   276 ||   672
Block: Other             |       |       |       |       |    31 ||    31
       Reflection        |       |       |       |       |     5 ||     5
